 Dungeon Crawl Stone Soup version 0.20.1-1-g8b1a95d (webtiles) character file.

653 mutilus the Cudgeler (level 7, 0/61 HPs)
             Began as a Hill Orc Wanderer on July 7, 2017.
             Slain by a centaur (2 damage)
             ... on level 6 of the Dungeon.
             The game lasted 00:19:43 (6610 turns).

mutilus the Cudgeler (Hill Orc Wanderer)            Turns: 6610, Time: 00:19:44

Health: 0/61       AC: 11    Str: 17    XL:     7   Next: 54%
Magic:  7/7        EV:  4    Int: 12    God:
Gold:   152        SH:  3    Dex: 10    Spells: 6/6 levels left

rFire    . . .     SeeInvis .   w - +0 war axe
rCold    . . .     Gourm    .   j - +0 buckler
rNeg     . . .     Faith    .   p - +0 plate armour
rPois    .         Spirit   .   (no helmet)
rElec    .         Reflect  .   y - +0 cloak
rCorr    .         Harm     .   (no gloves)
MR       .....                  (no boots)
Stlth    ..........             B - amulet of inaccuracy (curse)
Regen    0.2/turn               (no ring)
MPRegen  0.1/turn               (no ring)

@: no status effects
A: hooves 1, clever 1, clumsy 1
a: no special abilities


You were on level 6 of the Dungeon.
You were very hungry.

You visited 1 branch of the dungeon, and saw 6 of its levels.

You collected 152 gold pieces.

Inventory:

Hand Weapons
 b - a +2 blowgun
 m - a +0 mace
 w - a +0 war axe (weapon)
 x - a +0 broad axe
 A - a cursed -1 flail
Missiles
 g - 129 stones (quivered)
Armour
 d - a +0 robe
 j - a +0 buckler (worn)
 k - a +0 ring mail
 p - a +0 plate armour (worn)
 q - a +0 leather armour
 y - a +0 cloak (worn)
Jewellery
 t - an uncursed ring of ice
 B - a cursed amulet of inaccuracy (around neck)
Scrolls
 C - a scroll of identify
Potions
 a - a potion of degeneration
 c - 3 potions of lignification
 h - a potion of mutation
 s - a potion of resistance
Comestibles
 f - 4 bread rations
 n - 2 meat rations
 r - a royal jelly
 v - 2 fruits


   Skills:
 + Level 5.4 Fighting
 + Level 6.2(8.0) Axes
 - Level 6.3(7.2) Maces & Flails
 - Level 1.2 Throwing
 - Level 1.1 Armour
 - Level 1.0 Dodging
 - Level 1.0 Stealth
   Level 1.0 Evocations


You had 6 spell levels left.
You didn't know any spells.

Dungeon Overview and Level Annotations

Branches:
Dungeon (6/15)
 Temple: D:4-7

Altars:

Annotations:
D:2 Terence


Innate Abilities, Weirdness & Mutations

You have large cloven feet.
Your mind is acute. (Int +2)
You are clumsy. (Dex -2)


Message History

The centaur hits you.
* * * LOW HITPOINT WARNING * * *
The centaur hits you but does no damage.
There is an open door here.
The centaur barely misses you. You block the centaur's attack.
There is a stone staircase leading down, spattered with blood here.
The centaur hits you but does no damage.
The centaur hits you.
* * * LOW HITPOINT WARNING * * *
You climb downwards.
You hear the sound of rushing water.
There is an entrance to a sewer on this level.
Hurry and find it before the portal rusts away!
You hear the slow rusting of a drain nearby.
The jackal bites you but does no damage. x3
There is a stone staircase leading up, spattered with blood here.
Unknown command.
Unknown command.
You block the jackal's attack. The centaur hits you.
You die...

# ###h#.###
####@cha....
#..hh##5....
#....# ...
#....# .
#....#
#....#
#.....
......
!.....##


You could see a centaur, a worker ant, a crimson imp and 4 jackals.

Vanquished Creatures
  A black bear (D:5)
  An ogre (D:4)
  A scorpion (D:4)
  Crazy Yiuf (D:3)
  2 hounds
  An orc wizard (D:4)
  3 orc priests (D:4)
  A bullfrog skeleton (D:4)
  A centaur skeleton (D:4)
  6 gnolls
  An adder skeleton (D:4)
  4 worms
  3 dart slugs
  3 leopard geckos
  15 orcs
  6 giant cockroaches
  7 goblins
  4 hobgoblins
  3 jackals (D:4)
  A ball python (D:1)
  4 bats
  7 frilled lizards
  2 jackal skeletons (D:4)
  6 kobolds
  A leopard gecko skeleton (D:4)
  6 rats
91 creatures vanquished.

Notes
Turn   | Place    | Note
-------+----------+-------------------------------------------
     0 | D:1      | mutilus the Hill Orc Wanderer began the quest for the Orb.
     0 | D:1      | mutilus set off with: 3 curare-tipped needles, a +2 blowgun, 2 potions of lignification, a +0 robe, a bread ration
     0 | D:1      | Reached XP level 1. HP: 22/22 MP: 1/1
   327 | D:1      | Reached skill level 1 in Maces & Flails
   457 | D:1      | Reached XP level 2. HP: 21/28 MP: 2/2
  1364 | D:2      | Noticed Terence
  1433 | D:1      | Reached XP level 3. HP: 27/35 MP: 3/3
  3307 | D:3      | Found a runed door.
  3312 | D:3      | Noticed Crazy Yiuf
  3326 | D:3      | Killed Crazy Yiuf
  3326 | D:3      | Reached XP level 4. HP: 39/41 MP: 4/4
  3801 | D:4      | Reached skill level 5 in Maces & Flails
  3801 | D:4      | Reached XP level 5. HP: 47/47 MP: 5/5
  3996 | D:5      | Entered Level 5 of the Dungeon
  4005 | D:5      | Gained mutation: Your mind is acute. (Int +2) [potion of mutation]
  4005 | D:5      | Gained mutation: You are clumsy. (Dex -2) [potion of mutation]
  4005 | D:5      | Gained mutation: You have large cloven feet. [potion of mutation]
  4334 | D:4      | Reached XP level 6. HP: 55/55 MP: 6/6
  5873 | D:5      | Reached XP level 7. HP: 60/60 MP: 7/7
  6199 | D:4      | Reached skill level 5 in Axes
  6282 | D:5      | Reached skill level 5 in Fighting
  6479 | D:5      | Noticed a hippogriff
  6608 | D:5      | HP: 2/61 [centaur (4)]
  6610 | D:6      | Slain by a centaur

Skill      XL: |  1  2  3  4  5  6  7 |
---------------+----------------------+-----
Maces & Flails | 1 2 4 5 6 |  6.3
Axes           | 4 6 |  6.2
Fighting       | 5 |  5.4
Throwing       | |  1.2
Armour         | |  1.1
Dodging        | |  1.0
Stealth        | |  1.0
Evocations     | |  1.0

Action                   |  1- 3 |  4- 6 |  7- 9 || total
-------------------------+-------+-------+-------++-------
Melee: Club              |   261 |       |       ||   261
       Mace              |    10 |   156 |       ||   166
       Kick              |       |    28 |     8 ||    36
       War axe           |       |    46 |    61 ||   107
 Fire: Blowgun           |     4 |       |     4 ||     8
Throw: Stone             |    24 |     1 |       ||    25
  Use: Scroll            |     4 |     3 |     1 ||     8
       Potion            |       |     4 |     5 ||     9
  Eat: Chunk             |     8 |     2 |     1 ||    11
       Bread ration      |       |     1 |       ||     1
       Royal jelly       |       |     1 |       ||     1
Armor: Robe              |     6 |       |       ||     6
       Ring mail         |    32 |       |       ||    32
       Plate armour      |   119 |   133 |   104 ||   356
Dodge: Dodged            |   112 |    45 |    38 ||   195
Block: Buckler           |    25 |    24 |    21 ||    70
